 Dungeon Crawl Stone Soup version 0.30.1-11-g7821555f0a (webtiles) character file.

Game seed: 11776513223835217422

2173 KittyFluff the Covered (level 9, 0/82 HPs)
             Began as a Gargoyle Berserker on Nov 6, 2023.
             Was a Priest of Trog.
             Slain by an orc warrior
             ... wielding a +0 hand axe
              (10 damage)
             ... on level 6 of the Dungeon.
             The game lasted 00:19:37 (5634 turns).

KittyFluff the Covered (Gargoyle Berserker)         Turns: 5634, Time: 00:19:37

Health: 0/82       AC: 11    Str: 23    XL:     9   Next: 32%
Magic:  9/9        EV: 17    Int:  8    God:    Trog [***...]
Gold:   251        SH:  5    Dex: 11    Spells: 8/8 levels left

rFire   . . .        a - +0 mace
rCold   . . .        b - +0 buckler
rNeg    + . .        k - +0 leather armour
rPois   ∞            (no helmet)
rElec   +            o - +0 cloak
rCorr   .            (no gloves)
SInv    .            (no boots)
Will    .....        (no amulet) Stlth
                     i - +5 ring of evasion
HPRegen 0.33/turn    (no ring)
MPRegen 0.11/turn

%: no passive effects
@: berserking (expiring), very quick
A: sickness immunity, AC +6, negative energy resistance 1, electricity
resistance, torment resistance 1, petrification resistance
a: Renounce Religion, Berserk, Trog's Hand


You were on level 6 of the Dungeon.
You worshipped Trog.
Trog was most pleased with you.
You visited 2 branches of the dungeon, and saw 7 of its levels.

You collected 251 gold pieces.

Inventory:

Hand Weapons
 a - a +0 mace (weapon)
 n - a +0 sling
 D - the +1 dagger "Fahidomn" {freeze, SInv}
   (You found it on level 4 of the Dungeon)

   SInv:      It lets you see invisible.
 E - a +0 morningstar
 I - a +0 morningstar
Missiles
 w - 4 poisoned darts (quivered)
 C - 2 boomerangs
Armour
 b - a +0 buckler (worn)
 k - a +0 leather armour (worn)
 o - a +0 cloak (worn)
 q - the +0 ring mail of the Bulwark {rC++ Will- Dex+3}
   (You found it on level 3 of the Dungeon)

   Dex:       It affects your dexterity (+3).
   rC:        It greatly protects you from cold.
   Will:      It decreases your willpower.
 J - +0 fire dragon scales
Jewellery
 d - a ring of ice
 i - a +5 ring of evasion (left hand)
Wands
 u - a wand of mindburst (6)
 v - a wand of flame (19)
 B - a wand of roots (4)
 F - a wand of polymorph (7)
Scrolls
 e - a scroll of noise {unknown}
 f - 3 scrolls of enchant armour {unknown}
 h - 2 scrolls of teleportation {unknown}
 l - a scroll of torment {unknown}
 m - a scroll of butterflies {unknown}
 r - 2 scrolls of amnesia {unknown}
 t - a scroll of immolation {unknown}
 y - a scroll of blinking {unknown}
 H - a scroll of identify
Potions
 c - 3 potions of ambrosia
 g - 5 potions of curing
 j - 2 potions of mutation
 p - 2 potions of cancellation
 s - 2 potions of berserk rage
 x - 2 potions of attraction
 z - 2 potions of might
 A - a potion of haste {unknown}
 G - 2 potions of lignification {unknown}


   Skills:
 + Level 6.0 Fighting
 * Level 7.1 Maces & Flails
 * Level 7.4 Armour
 + Level 4.0 Dodging
 + Level 4.7 Shields


You had 8 spell levels left.
You didn't know any spells.
Your spell library was empty.

Dungeon Overview and Level Annotations

Branches:
Dungeon (6/15)             Temple (1/1) D:4

Altars:
Ashenzari
Elyvilon
Fedhas
Kikubaaqudgha
Makhleb
Nemelex Xobeh
Okawaru
Trog
Uskayaw
Wu Jian
Xom
Yredelemnul
Zin


Innate Abilities, Weirdness & Mutations

You are immune to sickness and miasma.
Your stone body is resilient. (AC +6)
You are immune to poison.
You resist negative energy. (rN+)
You are resistant to electric shocks. (rElec)
You are resistant to unholy torment.
You are immune to petrification.


Message History

You closely miss Edmund.
Edmund is almost dead.
An ogre comes into view. It is wielding a +0 giant spiked club.
Edmund closely misses you.
A red film seems to cover your vision as you go berserk!
You feel yourself moving faster!
You feel mighty!
The orc warrior drinks a potion.
The orc warrior suddenly seems more resistant.
Edmund barely misses you.
You hit Edmund but do no damage.
Edmund is almost dead.
You block the ogre's attack.
You sock Edmund!
You kill Edmund!
Trog accepts your kill.
Your Dodging skill increases to level 4!
You thump the ogre!
The ogre is heavily wounded.
The ogre hits you with a +0 giant spiked club!!
* * * LOW HITPOINT WARNING * * *
You hear a shout!
You sock the ogre!
The ogre is almost dead.
You block the orc's attack.
You barely miss the ogre.
The ogre is almost dead.
The ogre barely misses you. The orc misses you.
You sock the ogre!
You kill the ogre!
Trog accepts your kill. The orc closely misses you.
You closely miss the orc. You sock the orc!
You kill the orc!
Trog accepts your kill.
An orc comes into view. It is wielding a +0 flail.
Your Fighting skill increases to level 6!
You hit the orc warrior but do no damage.
The orc warrior hits you with a +0 hand axe!
You die...

#####################
#....#......##.o@...#
#..#.#.....##..##o.##
...#.#.#..##..## .##
.#.#...#.##†.## ##
.#.....#....##
############....#
...## ...# ###.#


You could see an orc warrior (resistant) and an orc.

Vanquished Creatures
  Grinder (D:6)
  A yak (D:6)
  Eustachio (D:4)
  Menkaure (D:5)
  Edmund (D:6)
  A black bear (D:6)
  2 ogres
  3 centaurs
  A phantom (D:4)
  2 scorpions
  2 hounds
  3 jellies
  2 gnoll boudas (D:6)
  A sleepcap (D:5)
  2 orc wizards
  3 iguanas
  Natasha (thrice) (D:4)
  8 gnolls
  14 adders
  A shadow imp (D:5)
  2 white imps
  An ufetubus (D:6)
  4 worms
  A dart slug (D:5)
  13 orcs
  10 endoplasms
  A giant cockroach (D:4)
  3 goblins
  7 hobgoblins
  8 jackals (D:4)
  4 kobolds
  10 ball pythons
  4 bats
  3 frilled lizards
  A rat (D:2)
125 creatures vanquished.

Vanquished Creatures (others)
  An orc wizard (D:6)
1 creature vanquished.

Grand Total: 126 creatures vanquished

Notes
Turn   | Place    | Note
-------+----------+-------------------------------------------
     0 | D:1      | KittyFluff the Gargoyle Berserker began the quest for the
                  | Orb.
     0 | D:1      | Reached XP level 1. HP: 14/14 MP: 1/1
   276 | D:1      | Reached XP level 2. HP: 19/19 MP: 2/2
   813 | D:2      | Reached XP level 3. HP: 23/23 MP: 3/3
   960 | D:2      | You fall into a shaft and drop 1 floor!
  1009 | D:3      | Identified the +0 ring mail of the Bulwark {rC++ Will-
                  | Dex+3}
  1228 | D:2      | Reached ** piety under Trog
  1229 | D:2      | Reached XP level 4. HP: 24/28 MP: 4/4
  1353 | D:2      | Reached skill level 1 in Shields
  1355 | D:2      | Identified the +5 dagger "Kearroa" {freeze, rCorr}
  2071 | D:3      | Reached XP level 5. HP: 16/33 MP: 5/5
  2263 | D:4      | Found a staircase to the Ecumenical Temple.
  2392 | D:4      | Noticed Natasha
  2412 | D:4      | Killed Natasha
  2443 | D:4      | Noticed a phantom
  2461 | D:4      | Killed a phantom
  2462 | D:4      | Reached XP level 6. HP: 38/38 MP: 6/6
  2566 | Temple   | Entered the Ecumenical Temple
  2969 | D:4      | Found a burning altar of Makhleb.
  3021 | D:4      | Identified the +1 dagger "Fahidomn" {freeze, SInv}
  3035 | D:4      | Noticed Natasha
  3051 | D:4      | Killed Natasha
  3318 | D:4      | Noticed Eustachio
  3347 | D:4      | Killed Eustachio
  3347 | D:4      | Reached *** piety under Trog
  3348 | D:4      | Reached XP level 7. HP: 29/44 MP: 7/7
  3661 | D:4      | Noticed Natasha
  3670 | D:4      | Killed Natasha
  3810 | D:5      | Entered Level 5 of the Dungeon
  3810 | D:5      | Found an iron altar of Okawaru.
  3814 | D:5      | Reached skill level 5 in Maces & Flails
  3835 | D:5      | Reached skill level 5 in Armour
  3848 | D:5      | Noticed Menkaure
  3861 | D:5      | Killed Menkaure
  4222 | D:5      | Reached XP level 8. HP: 47/48 MP: 8/8
  4384 | D:5      | Found a sparkling altar of Nemelex Xobeh.
  4438 | D:5      | Reached skill level 5 in Fighting
  4952 | D:6      | Noticed Grinder
  4955 | D:6      | Paralysed by Grinder for 2 turns
  4983 | D:6      | Paralysed by Grinder for 2 turns
  4987 | D:6      | Killed Grinder
  5243 | D:6      | Noticed a yak
  5354 | D:6      | Killed a yak
  5355 | D:6      | Reached XP level 9. HP: 33/55 MP: 9/9
  5580 | D:6      | Noticed Edmund
  5627 | D:6      | Killed Edmund
  5634 | D:6      | Slain by an orc warrior

Illustrated notes

Levels and vault maps discovered:
D:1:      zelgadis_glass_arrival_small, layout_basic
D:2:      layout_loops_ring, minmay_misc_feat_four_crosses
D:3:      layout_rooms
D:4:      layout_basic, nicolae_overflow_hidden_temple,
          minmay_temple_entry_sparse_star, uniq_eustachio, uniq_natasha
D:5:      layout_basic, nemelex_altar_shiori, okawaru_metal_pillars_1_2,
          hex_tiny, grunt_ministairs_14, nicolae_half_adder, uniq_menkaure
D:6:      minmay_thinvault, layout_loops_ring, gammafunk_temple_overflow_wave,
          minmay_crystal_room, uniq_edmund, uniq_grinder
Temple:   cyrus_temple_forest

Skill      XL: |  1  2  3  4  5  6  7  8  9 |
---------------+----------------------------+-----
Armour         | 3 4 5 6 7 |  7.4
Shields        | 1 2 3 4 |  4.7
Dodging        | 2 3 4 |  4.0
Maces & Flails | 4 5 6 7 |  7.1
Fighting       | 4 5 6 |  6.0

Action                     |  1- 3 |  4- 6 |  7- 9 || total
---------------------------+-------+-------+-------++-------
  Melee: Mace              |    84 |   228 |   384 ||   696
 Invoke: Berserk           |       |     1 |     6 ||     7
    Use: Scroll            |       |       |     7 ||     7
   Stab: Sleeping          |       |     1 |       ||     1
 Armour: Animal skin       |     8 |       |       ||     8
         Leather armour    |    13 |    93 |    88 ||   194
         Skin              |       |     3 |       ||     3
  Dodge: Dodged            |    73 |   249 |   300 ||   622
  Block: Buckler           |     6 |    65 |    73 ||   144
